 Dungeon Crawl Stone Soup version bcrawl-1.12.2 (webtiles) character file.

Game seed: 10410312013297091440

1016 Sumakker the Cleaver (level 8, -10/64 HPs)
             Began as a Minotaur Berserker on July 23, 2019.
             Was a Priest of Trog.
             Mangled by an orc warrior
             ... wielding a +0 mace
              (22 damage)
             ... on level 5 of the Dungeon.
             The game lasted 00:06:36 (3757 turns).

Sumakker the Cleaver (Minotaur Berserker)           Turns: 3757, Time: 00:06:37

Health: -10/64     AC:  8    Str: 23    XL:     8   Next: 1%
Magic:  7/7        EV:  4    Int:  4    God:    Trog [***...]
Gold:   267        SH: 12    Dex: 13    Spells: 7/7 levels left

rFire    . . .     SeeInvis .   a - +0 hand axe
rCold    . . .     Gourm    .   g - +0 large shield
rNeg     . . .     Faith    +   j - +0 chain mail
rPois    .         Spirit   .   (helmet restricted)
rElec    .         Reflect  .   (no cloak)
rCorr    .         Harm     .   (no gloves)
MR       .....                  (no boots)
Stlth    ..........             m - amulet of faith
HPRegen  0.20/turn              r - +2 ring of dexterity
MPRegen  0.10/turn              (no ring)

@: very slightly contaminated, invisible
A: retaliatory headbutt, horns 2
a: Berserk, Trog's Hand, Renounce Religion


You were on level 5 of the Dungeon.
You worshipped Trog.
Trog was most pleased with you.
You were not hungry.

You visited 2 branches of the dungeon, and saw 6 of its levels.

You collected 267 gold pieces.

Inventory:

Hand Weapons
 a - a +0 hand axe (weapon)
Armour
 g - a +0 large shield (worn)
 j - a +0 chain mail (worn)
Jewellery
 b - an uncursed ring of flight
 m - an amulet of faith (around neck)
 r - a +2 ring of dexterity (left hand)
Scrolls
 i - a scroll of enchant weapon {unknown}
 k - 3 scrolls of noise {unknown}
 l - a scroll of enchant armour {unknown}
 p - 2 scrolls of amnesia {unknown}
 q - 2 scrolls of immolation {unknown}
 t - a scroll of magic mapping {unknown}
 u - a scroll of teleportation {unknown}
 v - a scroll of fear {unknown}
Potions
 d - a potion of invisibility
 e - a potion of curing {unknown}
 f - 2 potions of lignification {unknown}
 h - 2 potions of cancellation {unknown}
 n - 2 potions of might {unknown}
 o - 3 potions of flight {unknown}
 s - a potion of mutation {unknown}
 w - a potion of degeneration {unknown}
Comestibles
 c - 6 rations {!d}


   Skills:
 - Level 3.6 Fighting
 + Level 11.4 Axes
 - Level 2.4 Armour
 - Level 2.1 Dodging


You had 7 spell levels left.
You didn't know any spells.
Your spell library was empty.

Dungeon Overview and Level Annotations

Branches:
Dungeon (5/12)             Temple (1/1) D:4

Altars:
Cheibriados
Dithmenos
Elyvilon
Fedhas
Gozag
Hepliaklqana
Kikubaaqudgha
Makhleb
Nemelex Xobeh
Ru
Sif Muna
Trog
Uskayaw
Vehumet
Wu Jian
Xom
Yredelemnul
Zin
The Shining One


Innate Abilities, Weirdness & Mutations

You reflexively headbutt those who attack you in melee.
You have a pair of horns on your head.


Message History

The orc warrior is severely wounded.
You block the orc's attack.
The orc warrior hits you but does no damage.
Your shield and chain mail prevent you from hitting the orc warrior.
The orc warrior is severely wounded.
The orc hits you but does no damage.
You hit the orc warrior but do no damage.
The orc warrior is severely wounded.
You block the orc warrior's attack. You block the orc's attack.
You catch the helpless orc warrior completely off-guard!
You hit the orc warrior but do no damage.
You headbutt the orc warrior, but do no damage.
The orc warrior is severely wounded.
You block the orc warrior's attack.
The orc hits you from afar with a +0 trident.
* * * LOW HITPOINT WARNING * * *
You hit the orc warrior.
The orc warrior is almost dead.
The orc warrior hits you with a +0 mace!!
You die...

.... ###... #....# .
#..#.##.. #.......
######....#
#.........##
.#######<........#.###
..............@).....#
....####......o.......
. #.............o.....
######.......^.#...#
#########.# ### .. ###


You could see an orc warrior and an orc.

Vanquished Creatures
  A hippogriff (D:4)
  A sky beast (D:4)
  2 ogres (D:4)
  A centaur (D:4)
  A crimson imp (D:4)
  A hound (D:4)
  2 orc priests
  A centaur skeleton (D:4)
  A centaur zombie (D:4)
  5 orc wizards (D:4)
  6 adders
  An ooze (D:2)
  4 dart slugs
  3 leopard geckos
  13 orcs
  5 bats
  4 giant cockroaches
  9 goblins
  6 hobgoblins
  11 jackals
  6 kobolds
  3 quokkas
  2 frilled lizards (D:2)
  11 rats
100 creatures vanquished.

Notes
Turn   | Place    | Note
-------+----------+-------------------------------------------
     0 | D:1      | Sumakker the Minotaur Berserker began the quest for the
                  | Orb.
     0 | D:1      | Reached XP level 1. HP: 19/19 MP: 0/0
    55 | D:1      | Reached skill level 4 in Axes
   243 | D:1      | Reached XP level 2. HP: 25/26 MP: 1/1
   749 | D:2      | Reached skill level 5 in Axes
   824 | D:2      | Reached XP level 3. HP: 30/31 MP: 2/2
   919 | D:2      | Reached ** piety under Trog
  1516 | D:3      | Reached skill level 6 in Axes
  1516 | D:3      | Reached XP level 4. HP: 28/39 MP: 3/3
  1944 | D:3      | Found a white marble altar of Elyvilon.
  2207 | D:4      | Reached skill level 7 in Axes
  2207 | D:4      | Reached XP level 5. HP: 43/45 MP: 4/4
  2272 | D:4      | Reached *** piety under Trog
  2402 | D:4      | Found a staircase to the Ecumenical Temple.
  2402 | D:4      | Noticed an ogre
  2408 | D:4      | Killed an ogre
  2408 | D:4      | Reached skill level 8 in Axes
  2414 | D:4      | Reached XP level 6. HP: 51/51 MP: 5/5
  2463 | Temple   | Entered the Ecumenical Temple
  2740 | D:4      | Noticed a sky beast
  2754 | D:4      | Killed a sky beast
  2754 | D:4      | Reached skill level 9 in Axes
  2884 | D:4      | Reached XP level 7. HP: 57/57 MP: 6/6
  3008 | D:4      | Reached skill level 10 in Axes
  3032 | D:4      | Found a bloodstained altar of Trog.
  3277 | D:4      | Found a blossoming altar of Fedhas.
  3444 | D:4      | Noticed a hippogriff
  3453 | D:4      | Killed a hippogriff
  3453 | D:4      | Reached skill level 11 in Axes
  3723 | D:5      | Entered Level 5 of the Dungeon
  3734 | D:5      | Reached XP level 8. HP: 64/64 MP: 7/7
  3757 | D:5      | Mangled by an orc warrior

Skill      XL: |  1  2  3  4  5  6  7 |
---------------+----------------------+-----
Axes           | 4 5 6 7 8 9 11 | 11.4
Fighting       | |  3.6
Armour         | |  2.4
Dodging        | |  2.1

Action                   |  1- 3 |  4- 6 |  7- 9 || total
-------------------------+-------+-------+-------++-------
Melee: Hand axe          |   101 |    84 |   106 ||   291
       Headbutt          |    17 |    19 |    21 ||    57
Invok: Berserk           |       |     3 |       ||     3
  Use: Scroll            |       |     5 |       ||     5
       Potion            |       |       |     1 ||     1
 Stab: Invisible         |       |       |     1 ||     1
  Eat: Chunk             |     1 |     6 |     1 ||     8
       Ration            |       |     1 |       ||     1
Armor: Animal skin       |     3 |       |       ||     3
       Leather armour    |    10 |       |       ||    10
       Ring mail         |    16 |    18 |       ||    34
       Chain mail        |       |     6 |    39 ||    45
Dodge: Dodged            |    35 |    17 |    13 ||    65
Block: Large shield      |    46 |    49 |    70 ||   165
